 Dungeon Crawl Stone Soup version 0.27.1-37-g7b29ead8ac (webtiles) character file.

Game seed: 17544207571804336974

879 AarnesTheHuman the Shield-Bearer (level 8, -3/64 HPs)
             Began as a Formicid Fighter on June 7, 2023.
             Engulfed by a steam dragon's steam (4 damage)
             ... on level 4 of the Dungeon on June 8, 2023.
             The game lasted 00:06:50 (5004 turns).

AarnesTheHuman the Shield-Bearer (Formicid Fighter) Turns: 5004, Time: 00:06:50

Health: -3/64      AC:  9    Str: 22    XL:     8   Next: 25%
Magic:  8/8        EV:  9    Int:  7    God:
Gold:   131        SH: 16    Dex: 10    Spells: 7/7 levels left

rFire    . . .     SeeInvis +   a - +1 spear (vorpal)
rCold    . . .     Faith    .   c - +1 kite shield
rNeg     . . .     Spirit   .   b - +0 scale mail
rPois    .         Reflect  +   (helmet unavailable)
rElec    .         Harm     .   (no cloak)
rCorr    .         Rampage  .   (no gloves)
Will     .....                  (no boots)
Stlth    ..........             s - amulet of reflection
HPRegen  0.20/turn              (no ring)
MPRegen  0.11/turn              (no ring)

@: unable to read
A: permanent stasis, dig shafts and tunnels, antennae 3, four strong arms,
iridescent scales 1, dopey 1, inability to read while threatened, MP-powered
wands
a: Dig, Shaft Self


You were on level 4 of the Dungeon.
You visited 1 branch of the dungeon, and saw 5 of its levels.
You also visited: Sewer.

You collected 131 gold pieces.

Inventory:

Hand Weapons
 a - a +1 vorpal spear (weapon)
 e - a +1 short sword of venom
 o - a +0 trident
Missiles
 j - 5 curare-tipped darts
 l - 89 stones
 n - 5 poisoned darts
 q - 14 bolts
Armour
 b - a +0 scale mail (worn)
 c - a +1 kite shield (worn)
Jewellery
 g - a ring of wizardry
 s - an amulet of reflection (around neck)
Wands
 u - a wand of acid (2)
Scrolls
 f - 3 scrolls of identify
 h - 2 scrolls of teleportation
 i - 2 scrolls of enchant armour
 t - a scroll of vulnerability {unknown}
 v - a scroll of fog {unknown}
Potions
 d - a potion of might
 k - a potion of haste
 m - 2 potions of curing
 p - a potion of degeneration
 r - a potion of resistance


   Skills:
 + Level 5.8 Fighting
 + Level 4.7 Polearms
 + Level 5.8 Armour
 + Level 6.4 Shields


You had 7 spell levels left.
You didn't know any spells.
Your spell library contained the following spells:

 Spells                   Type           Power      Damage    Failure   Level
 Slow                     Hex            0%         N/A       96%         2
 Confusing Touch          Hex            0%         N/A       99%         3
 Vampiric Draining        Necr           0%         2d6       99%         3
 Animate Dead             Necr           0%         N/A       100%        4
 Haunt                    Necr/Summ      0%         N/A       100%        7
 Infestation              Necr           0%         N/A       100%        8


Dungeon Overview and Level Annotations

Branches:
Dungeon (5/15)              Sewer (visited)
 Temple: D:4-7

Altars:

Shops:
D:1 [:*:   D:3 [

Annotations:
D:3 1 runed translucent door, SnubMonkey's ghost, novice FoFi
D:5 Pikel


Innate Abilities, Weirdness & Mutations

You cannot be hasted, slowed, berserked, paralysed or teleported.
You can dig through walls and to a lower floor.
You have a pair of large antennae on your head. (SInv)
Your four strong arms can wield two-handed weapons with a shield.
You are partially covered in iridescent scales. (AC +2)
You are dopey. (Int -2)
You sometimes lose the ability to read scrolls when taking damage.
You expend magic power (3 MP) to strengthen your wands.


Message History

Unknown command.
You hit the steam dragon.
The steam dragon is heavily wounded.
The steam dragon breathes steam at you. The ball of steam hits you!
You block the steam dragon's attack. x2
You hit the steam dragon.
The steam dragon is heavily wounded.
The lemure is engulfed in a cloud of scalding steam.
The lemure hits you. You block the steam dragon's attack.
The steam dragon claws you.
You hit the steam dragon.
The steam dragon is severely wounded.
You block the lemure's attack. The steam dragon bites you!
The steam dragon claws you.
You closely miss the steam dragon.
The steam dragon is severely wounded.
The lemure hits you. You block the steam dragon's attack. x2
You hit the steam dragon.
The steam dragon is almost dead.
The lemure hits you. You block the steam dragon's attack. x2
You hit the steam dragon but do no damage.
The steam dragon is almost dead.
You block the lemure's attack. The steam dragon breathes steam at you.
The ball of steam hits you!
* * * LOW HITPOINT WARNING * * *
You barely miss the steam dragon.
The steam dragon is almost dead.
You are engulfed in a cloud of scalding steam.
* * * LOW HITPOINT WARNING * * *
You block the steam dragon's attack. The steam dragon barely misses you.
It was a potion of mutation.
You feel extremely strange.
You feel stupid.
You feel your magical essence link to the dungeon's wands.
You lose the ability to read scrolls when threatened.
Iridescent scales grow over part of your body.
You are engulfed in a cloud of scalding steam.
You feel threatened and lose the ability to read scrolls!
You die...

###..#.................
#####........#.............
##...#........#.>...........
#..#.....#..#.......###..##.
#.###...###.###.............
#..#..#..#..#..............#
##.......§§###.............#
##.#...§..§5...............
##......§§§@D>#.............
#..#...§.#..###.......#.....
#.###...###..##..#..........
#..#.....#...###.###........
#................#####......
#.....#............# #.#....
#####..#...........###.####.
#...#.#..............##..
##.....##......#.......#..


You could see a steam dragon (catching breath) and a lemure.

Vanquished Creatures
  Grinder (D:3)
  Sigmund (D:2)
  A black bear (D:4)
  An ogre (D:4)
  3 lemures (D:5)
  A bullfrog (Sewer)
  A scorpion (D:4)
  2 hound skeletons
  5 adders
  4 gnolls (D:3)
  A howler monkey skeleton (D:4)
  An adder skeleton (D:5)
  A dart slug (D:1)
  4 orcs
  9 ball pythons
  6 bats
  7 endoplasms
  10 giant cockroaches
  9 goblins
  9 hobgoblins
  6 jackals
  7 kobolds
  5 quokkas
  8 frilled lizards
  6 rats
109 creatures vanquished.

Notes
Turn   | Place    | Note
-------+----------+-------------------------------------------
     0 | D:1      | AarnesTheHuman the Formicid Fighter began the quest for the
                  | Orb.
     0 | D:1      | Reached XP level 1. HP: 18/18 MP: 1/1
    67 | D:1      | Reached XP level 2. HP: 13/24 MP: 2/2
   278 | D:1      | Found Oviniop's Book Shop.
   365 | D:1      | Reached XP level 3. HP: 29/29 MP: 3/3
   388 | D:1      | Found Syqul's Armour Emporium.
   405 | D:1      | Reached skill level 4 in Shields
   543 | D:1      | Found Cosaimuo's Book Shoppe.
   608 | D:1      | Found Galeojoy's Assorted Antiques.
   884 | D:2      | Noticed Sigmund
   904 | D:2      | Killed Sigmund
   905 | D:2      | Reached XP level 4. HP: 17/38 MP: 4/4
   905 | D:2      | Reached XP level 5. HP: 19/43 MP: 5/5
   905 | D:2      | Reached XP level 6. HP: 22/49 MP: 6/6
  1180 | D:2      | Reached skill level 5 in Shields
  2416 | D:3      | Found Qiehof's Armour Emporium.
  2621 | D:3      | Found a runed translucent door.
  2626 | D:3      | Noticed SnubMonkey's ghost (novice FoFi)
  2699 | D:3      | Noticed Grinder
  2725 | D:3      | Killed Grinder
  2726 | D:3      | Reached skill level 5 in Fighting
  2726 | D:3      | Reached skill level 5 in Armour
  2726 | D:3      | Reached XP level 7. HP: 38/56 MP: 7/7
  2943 | D:3      | Found a faded altar of an unknown god.
  3182 | D:4      | Found a glowing drain.
  3203 | Sewer    | Entered a sewer
  3766 | Sewer    | Reached skill level 6 in Shields
  4319 | D:4      | Reached XP level 8. HP: 51/64 MP: 8/8
  4640 | D:5      | Entered Level 5 of the Dungeon
  4653 | D:5      | Noticed Pikel
  5003 | D:4      | HP: 1/64 [steam dragon] (7)]
  5004 | D:4      | Gained mutation: You are dopey. (Int -2) [potion of
                  | mutation]
  5004 | D:4      | Gained mutation: You expend magic power (3 MP) to
                  | strengthen your wands. [potion of mutation]
  5004 | D:4      | Gained mutation: You sometimes lose the ability to read
                  | scrolls when taking damage. [potion of mutation]
  5004 | D:4      | Gained mutation: You are partially covered in iridescent
                  | scales. (AC +2) [potion of mutation]
  5004 | D:4      | Engulfed by a steam dragon's steam

Illustrated notes

Levels and vault maps discovered:
D:1:      saegor_arrival_under_anarchy, layout_rooms, serial_shops, shop,
          nicolae_square_shop, nicolae_shop_crystal, nicolae_square_shop,
          minmay_crystal_room
D:2:      layout_basic, kennysheep_generic_room_11, uniq_sigmund
D:3:      layout_basic, shapermc_ecumenical_altar_acropolis, serial_shops, shop,
          ebering_ghost_sewer_d, hex_intersection, minmay_misc_feat_room,
          uniq_grinder
D:4:      layout_cave_pools, portal_sewer_entry_f, minmay_strange_pillars
D:5:      kennysheep_spiral_hall, layout_cave_pods,
          minmay_temple_entry_crystal_x, gammafunk_ghost_nasty_kobolds,
          uniq_pikel

Skill      XL: |  1  2  3  4  5  6  7 |
---------------+----------------------+-----
Shields        | 4 5 6 |  6.4
Fighting       | 4 5 |  5.8
Polearms       | 3 4 |  4.7
Armour         | 4 5 |  5.8

Action                   |  1- 3 |  4- 6 |  7- 9 || total
-------------------------+-------+-------+-------++-------
Melee: Trident           |   103 |   109 |       ||   212
       Spear             |       |    46 |   222 ||   268
 Abil: Dig               |     1 |     1 |     1 ||     3
  Use: Potion            |     1 |       |     1 ||     2
       Scroll            |       |       |     7 ||     7
Armor: Scale mail        |    33 |    37 |    55 ||   125
Dodge: Dodged            |    25 |    31 |    47 ||   103
Block: Kite shield       |    26 |    69 |   167 ||   262
